 Dungeon Crawl Stone Soup version 0.27.1-33-g824d729ab1 (webtiles) character file.

Game seed: 16080252392707055165

73 lonewolfV2 the Skirmisher (level 4, -3/40 HPs)
             Began as a Draconian Fighter on Dec 16, 2021.
             Slain by Sigmund (6 damage)
             ... on level 2 of the Dungeon.
             The game lasted 00:03:13 (1918 turns).

lonewolfV2 the Skirmisher (Draconian Fighter)       Turns: 1918, Time: 00:03:14

Health: -3/40      AC:  5    Str: 20    XL:     4   Next: 8%
Magic:  4/4        EV: 10    Int:  8    God:
Gold:   70         SH:  9    Dex: 10    Spells: 3/3 levels left

rFire    . . .     SeeInvis .   j - +4 club
rCold    . . .     Faith    .   b - +0 kite shield
rNeg     . . .     Spirit   .   (armour unavailable)
rPois    .         Reflect  .   (helmet restricted)
rElec    .         Harm     .   (no cloak)
rCorr    .         Rampage  .   (no gloves)
Will     .....                  (no boots)
Stlth    +.........             (no amulet)
HPRegen  0.13/turn              (no ring)
MPRegen  0.09/turn              (no ring)

@: no status effects
A: AC +5, unfitting armour, cold-blooded
a: no special abilities


You were on level 2 of the Dungeon.
You visited 1 branch of the dungeon, and saw 2 of its levels.

You collected 70 gold pieces.

Inventory:

Hand Weapons
 a - a +1 rapier
 j - a +4 club (weapon)
Armour
 b - a +0 kite shield (worn)
Wands
 g - a wand of flame (28)
Scrolls
 f - a scroll of noise {unknown}
 h - 2 scrolls of blinking
Potions
 c - a potion of might
 d - 2 potions of flight
 e - a potion of heal wounds
 i - a potion of attraction {unknown}


   Skills:
 + Level 3.8 Fighting
 + Level 2.6 Short Blades
 + Level 3.4 Dodging
 + Level 0.4 Stealth
 + Level 3.4 Shields


You had 3 spell levels left.
You didn't know any spells.
Your spell library contained the following spells:

 Spells                   Type           Power      Damage    Failure   Level
 Frozen Ramparts          Ice            0%         1d2       99%         3
 Ice Form                 Ice/Tmut       0%         N/A       100%        4
 Summon Ice Beast         Ice/Summ       0%         N/A       100%        4


Dungeon Overview and Level Annotations

Branches:
Dungeon (2/15)

Altars:

Shops:
D:2 (

Annotations:
D:2 Sigmund


Innate Abilities, Weirdness & Mutations

Your plain brown scales are hard. (AC +5)
You cannot fit into any form of body armour.
You are cold-blooded and may be slowed by cold attacks.


Message History

There is an open door here.
There is an open door here.
There is an open door here.
You see here a +0 pair of gloves.
You see here a +0 trident.
Sigmund the Dreaded comes into view.
He is wielding a +0 scythe.
Sigmund shouts!
Sigmund is nearby!
Sigmund gestures wildly while chanting.
Sigmund flickers and vanishes!
Deactivating autopickup; reactivate with Ctrl-A.
A magic dart appears from out of thin air!
The magic dart hits you. Something hits you but does no damage.
You barely miss something. Something hits you. You block something's attack.
You hit something but do no damage. Something hits you.
You barely miss something.
Your tail-slap misses something.
Something hits you but does no damage.
You sock something! You block something's attack.
You hit something.
Your tail-slap misses something.
Something hits you!
You hit something. Something hits you but does no damage.
You hit something. Something hits you.
Your shield prevents you from hitting something.
You hear some strange, mumbled words.
Something tries to affect you, but you resist.
You miss something. You tail-slap something.
Something hits you but does no damage.
You closely miss something. Something hits you.
* * * LOW HITPOINT WARNING * * *
You miss something. Something hits you but does no damage.
You hit something but do no damage. Something hits you but does no damage.
You hit something. Something completely misses you.
You hit something but do no damage.
You hear some strange, mumbled words.
A puff of flame appears from out of thin air!
The puff of flame misses you.
You hit something. Something hits you!
* * * LOW HITPOINT WARNING * * *
Something hits you.
You die...

#..'....#####.###
####...)###.#.#.##
#....##..#.#..#######
####.#P..#.#P..#.....
#..###.#.#...#.....
#....#P#.#...#.....
#..###.#.#...#.....
##.#...#.#...#....#
#@##..#.#..##...#.
#{#..P#.#...#....#
#.#P.P#.#P..#.....
#.#P..#.#bP.#.....
###...#.#PPP#.....
#P.P#.#..b#.....
##P.#.#b.##.....
##.#.#.###.####
###.#####.#


There were no monsters in sight!

Vanquished Creatures
  Robin (D:2)
  2 adders (D:2)
  5 ball pythons
  4 bats
  5 endoplasms
  A giant cockroach (D:2)
  8 goblins
  2 hobgoblins (D:2)
  2 jackals (D:1)
  2 kobolds (D:1)
  3 frilled lizards
  7 rats
42 creatures vanquished.

Vanquished Creatures (others)
  A demonic plant (D:1)
1 creature vanquished.

Grand Total: 43 creatures vanquished

Notes
Turn   | Place    | Note
-------+----------+-------------------------------------------
     0 | D:1      | lonewolfV2 the Draconian Fighter began the quest for the
                  | Orb.
     0 | D:1      | Reached XP level 1. HP: 19/19 MP: 1/1
   203 | D:1      | Reached XP level 2. HP: 26/26 MP: 2/2
   802 | D:1      | Found a faded altar of an unknown god.
   802 | D:1      | Noticed a soul eater
   949 | D:2      | Found Cyuvek's Antique Weapon Boutique.
  1056 | D:2      | Reached XP level 3. HP: 31/31 MP: 3/3
  1091 | D:2      | Noticed Robin
  1104 | D:2      | Killed Robin
  1675 | D:2      | Reached XP level 4. HP: 27/40 MP: 4/4
  1898 | D:2      | Noticed Sigmund
  1918 | D:2      | Slain by Sigmund

Illustrated notes

Levels and vault maps discovered:
D:1:      sevenhm_arrival_forest_fort_small_4, layout_loops_ring,
          dreamdust_ecumenical_altar_sealed_demon, st_stairs_9
D:2:      layout_basic, serial_shops, nicolae_diamond_shop, serial_aquarium,
          aquarium_bridge_square [aquarium_subvault_balcony,
          aquarium_subvault_balcony, aquarium_subvault_bridge,
          aquarium_subvault_bridge], aquarium_bridge_long_joined
          [aquarium_subvault_wall, aquarium_subvault_bridge,
          aquarium_subvault_balcony, aquarium_subvault_window,
          aquarium_subvault_bridge, aquarium_subvault_wall],
          aquarium_window_fake, aquarium_window_fake, aquarium_window_2,
          aquarium_view_2c, aquarium_view_2e, aquarium_pool_side, uniq_sigmund,
          uniq_robin

Skill      XL: |  1  2 |
---------------+-------+-----
Dodging        | 3 |  3.4
Fighting       | |  3.8
Short Blades   | |  2.6
Stealth        | |  0.4
Shields        | |  3.4

Action                   |  1- 3 |  4- 6 || total
-------------------------+-------+-------++-------
Melee: Rapier            |    83 |       ||    83
       Tailslap          |     7 |     1 ||     8
       Club              |    26 |    15 ||    41
  Use: Potion            |     3 |       ||     3
       Scroll            |     3 |       ||     3
Armor: Skin              |    42 |     6 ||    48
Dodge: Dodged            |    52 |     2 ||    54
Block: Kite shield       |    71 |     2 ||    73
